 Dungeon Crawl Stone Soup version 0.21.1-1-g345015f (webtiles) character file.

64 Monsterracer the Shooter (level 3, 0/29 HPs)
             Began as a Centaur Arcane Marksman on June 5, 2018.
             Slain by an adder (5 damage)
             ... on level 2 of the Dungeon.
             The game lasted 00:02:58 (1090 turns).

Monsterracer the Shooter (Centaur Arcane Marksman)  Turns: 1090, Time: 00:03:00

Health: 0/29       AC:  4    Str: 13    XL:     3   Next: 91%
Magic:  4/4        EV: 10    Int: 12    God:
Gold:   61         SH:  0    Dex:  9    Spells: 3/4 levels left

rFire    . . .     SeeInvis .   a - +0 shortbow
rCold    . . .     Gourm    .   (shield currently unavailable)
rNeg     . . .     Faith    .   e - +0 robe
rPois    .         Spirit   .   (no helmet)
rElec    .         Reflect  .   (no cloak)
rCorr    .         Harm     .   (no gloves)
MR       .....                  (no barding)
Stlth    +.........             P - amulet of regeneration
HPRegen  0.49/turn              (no ring)
MPRegen  0.09/turn              (no ring)

@: lethally poisoned (0 -> 0), very quick
A: large, hooves 3, deformed body, speed 2, tough skin 3
a: no special abilities


You were on level 2 of the Dungeon.
You were not hungry.

You visited 1 branch of the dungeon, and saw 2 of its levels.

You collected 61 gold pieces.

Inventory:

Hand Weapons
 a - a +0 shortbow (weapon)
 b - a +0 mace
Missiles
 d - 9 arrows (quivered)
Armour
 e - a +0 robe (worn)
Jewellery
 P - an amulet of regeneration (around neck)
Scrolls
 f - a scroll of identify {unknown}
 h - a scroll of teleportation {unknown}
 i - 2 scrolls of blinking {unknown}
 j - a scroll of enchant armour {unknown}
Potions
 g - a potion of curing {unknown}
 l - 2 potions of heal wounds {unknown}
Comestibles
 c - 4 rations
 k - 2 chunks of flesh


   Skills:
 + Level 2.0 Fighting
 * Level 4.6 Bows
 - Level 1.8 Dodging
 - Level 1.0 Spellcasting
 - Level 2.6 Hexes


You had 3 spell levels left.
You knew the following spells:

 Your Spells              Type           Power        Failure   Level  Hunger
a - Corona                Hex            #......      10%         1    ##.....


Dungeon Overview and Level Annotations

Branches:
Dungeon (2/15)

Altars:


Innate Abilities, Weirdness & Mutations

You have hooves in place of feet.
Armour fits poorly on your strangely shaped body.
You cover ground very quickly.
You have extremely tough skin. (AC +3)


Message History

Firing (i - inventory):
d - 8 arrows (quivered)
Press: ? - help, Shift-Dir - straight line, f/p - adder
Aim: an adder You shoot an arrow.
The arrow misses the adder.
The adder bites you.
You are poisoned.
The adder poisons you! The adder bites you but does no damage.
You take 2 damage, and have 23/29 hp.
Firing (i - inventory):
d - 7 arrows (quivered)
Press: ? - help, Shift-Dir - straight line, f/p - adder
Aim: an adder You shoot an arrow.
The arrow closely misses the adder.
You feel sick. The adder bites you.
You take 2 damage, and have 21/29 hp.
You are too injured to fight recklessly!
You are too injured to fight recklessly!
You are too injured to fight recklessly!
You are too injured to fight recklessly!
You are too injured to fight recklessly!
Firing (i - inventory):
d - 6 arrows (quivered)
Press: ? - help, Shift-Dir - straight line, f/p - adder
Aim: an adder You shoot an arrow.
The arrow closely misses the adder.
The adder misses you.
Firing (i - inventory):
d - 5 arrows (quivered)
Press: ? - help, Shift-Dir - straight line, f/p - adder
Aim: an adder You shoot an arrow.
The arrow closely misses the adder.
The adder bites you but does no damage. The adder bites you.
You are more poisoned.
The adder poisons you!
Firing (i - inventory):
d - 4 arrows (quivered)
Press: ? - help, Shift-Dir - straight line, f/p - adder
Aim: an adder You shoot an arrow.
The arrow completely misses the adder.
You feel sick. The adder bites you.
You are more poisoned.
The adder poisons you!
You take 3 damage, and have 18/29 hp.
Firing (i - inventory):
d - 3 arrows (quivered)
Press: ? - help, Shift-Dir - straight line, f/p - adder
Aim: an adder You shoot an arrow.
The arrow barely misses the adder.
You feel sick.
The adder bites you but does no damage. x2
You take 1 damage, and have 17/29 hp.
Unknown command.
Firing (i - inventory):
d - 2 arrows (quivered)
Press: ? - help, Shift-Dir - straight line, f/p - adder
Aim: an adder You shoot an arrow.
The arrow hits the adder but does no damage.
You feel sick. The adder barely misses you.
Firing (i - inventory):
d - an arrow (quivered)
Press: ? - help, Shift-Dir - straight line, f/p - adder
Aim: an adder You shoot an arrow.
The arrow barely misses the adder.
You feel sick. The adder closely misses you.
Firing (i - inventory): No suitable missiles.
Press: ? - help, Shift-Dir - straight line, f/p - adder
Aim: an adder
Okay, then.
You take 1 damage, and have 16/29 hp.
Firing (i - inventory): No suitable missiles.
Press: ? - help, Shift-Dir - straight line, f/p - adder
Aim: an adder
Okay, then.
Char dumped successfully.
The adder bites you.
* * * LOW HITPOINT WARNING * * *
You take 3 damage, and have 13/29 hp.
You feel sick. The adder bites you.
* * * LOW HITPOINT WARNING * * *
You take 1 damage, and have 12/29 hp.
Found a scroll labeled CYUMAJ RAASIF.
You feel sick.
You see here an arrow.
You take 1 damage, and have 11/29 hp.
d - an arrow You feel sick.
The adder closely misses you.
You feel sick.
You see here 10 arrows.
You take 1 damage, and have 11/29 hp.
d - 11 arrows (gained 10)
The adder bites you.
* * * LOW HITPOINT WARNING * * *
You are more poisoned.
The adder poisons you!
You take 1 damage, and have 10/29 hp.
Firing (i - inventory):
d - 11 arrows (quivered)
Press: ? - help, Shift-Dir - straight line, f/p - adder
Aim: an adder You shoot an arrow.
The arrow hits the adder!
The adder is almost dead.
You feel sick. The adder bites you.
* * * LOW HITPOINT WARNING * * *
You take 4 damage, and have 6/29 hp.
Firing (i - inventory):
d - 10 arrows (quivered)
Press: ? - help, Shift-Dir - straight line, f/p - adder
Aim: an adder (almost dead)
You shoot an arrow. The arrow misses the adder.
You feel sick. The adder bites you.
You die...

#.#.......
#.#.......
#.#.#.##..
#########.#.#.##..
#.......#.#.#.##..
#....##.#...#.##..
#(....#.#....††...
#.......#.###.###.
#@S....((.....#...
#....####.#####...
#.........# #...
#...?###### #.†.
#....# ######.
#....# #......
###### #......
###########
#......
#.........#
#......


You could see an adder.

Vanquished Creatures
  2 adders (D:2)
  An ooze (D:1)
  2 dart slugs (D:1)
  A leopard gecko (D:1)
  A giant cockroach (D:2)
  5 goblins
  7 hobgoblins (D:1)
  4 jackals (D:1)
  A quokka (D:2)
  3 bats
  2 kobolds (D:1)
  6 rats (D:1)
35 creatures vanquished.

Notes
Turn   | Place    | Note
-------+----------+-------------------------------------------
     0 | D:1      | Monsterracer the Centaur Arcane Marksman began the quest for the Orb.
     0 | D:1      | Reached XP level 1. HP: 16/16 MP: 2/2
    82 | D:1      | Reached skill level 3 in Bows
   115 | D:1      | Reached XP level 2. HP: 23/23 MP: 3/3
   303 | D:1      | HP: 10/23 [hobgoblin/club (3)]
   471 | D:1      | Reached XP level 3. HP: 25/29 MP: 4/4
   583 | D:1      | Reached skill level 4 in Bows
   932 | D:2      | HP: 13/29 [quokka (5)]
  1080 | D:2      | HP: 13/29 [adder (3)]
  1087 | D:2      | HP: 11/29 [poisoned by an adder]
  1090 | D:2      | HP: 5/29 [poisoned by an adder]
  1090 | D:2      | Slain by an adder

Skill      XL: |  1  2  3 |
---------------+----------+-----
Bows           | 3 4 |  4.6
Fighting       | 2 |  2.0
Dodging        | |  1.8
Spellcasting   | |  1.0
Hexes          | |  2.6

Action                   || total
-------------------------++-------
Melee: Mace              ||    49
       Kick              ||     6
 Fire: Shortbow          ||    86
Armor: Robe              ||    35
Dodge: Dodged            ||    52

Vault maps used:
D:1:      dpeg_arrival_stone_temple_mockup
D:2:      nicolae_overflow_crystal_walls, nemelex_xobeh_ov_fountains_minmay
